 Dungeon Crawl Stone Soup version 0.30-a0-779-g7971cf19c3 (webtiles) character file.

Game seed: 12751230134273192987

6238 runemasterragnar the Skirmisher (level 10, -1/86 HPs)
             Began as a Minotaur Hunter on Feb 17, 2023.
             Was a Priest of Okawaru.
             Slain by Erica
             ... wielding a +3 scimitar of flaming
              (4 damage)
             ... on level 10 of the Dungeon.
             The game lasted 00:11:52 (11056 turns).

runemasterragnar the Skirmisher (Minotaur Hunter)  Turns: 11056, Time: 00:11:53

Health: -1/86      AC:  9    Str: 19    XL:     10   Next: 62%
Magic:  11/11      EV: 15    Int:  6    God:    Okawaru [***...]
Gold:   235        SH:  0    Dex: 15    Spells: 9/9 levels left

rFire   + . .      SeeInvis .    F - +2 battleaxe (flame)
rCold   x . .      Faith    .    (shield currently unavailable)
rNeg    . . .      Spirit   .    o - +0 steam dragon scales
rPois   .          Reflect  .    E - +2 hat
rElec   .          Harm     .    (no cloak)
rCorr   .          Rampage  .    n - +0 pair of gloves
Will    +....                    (no boots)
Stlth   ++                       (no amulet)
HPRegen 0.34/turn                R - ring of willpower
MPRegen 0.12/turn                t - ring of fire

@: no status effects
A: horns 2, retaliatory headbutt
a: Renounce Religion, Heroism


You were on level 10 of the Dungeon.
You worshipped Okawaru.
Okawaru was most pleased with you.
You visited 2 branches of the dungeon, and saw 11 of its levels.

You collected 444 gold pieces.
You spent 209 gold pieces at shops.

Inventory:

Hand Weapons
 a - a +0 shortbow
 g - a +0 mace
 q - a +2 vampiric whip
 F - a +2 battleaxe of flaming (weapon)
Armour
 c - a +0 leather armour
 n - a +0 pair of gloves (worn)
 o - +0 steam dragon scales (worn)
 E - a +2 hat (worn)
 O - a +0 chain mail
Jewellery
 k - a ring of protection from cold
 t - a ring of fire (right hand)
 C - a +6 ring of intelligence
 I - a ring of ice
 J - an amulet of magic regeneration
 K - a +6 ring of intelligence
 R - a ring of willpower (left hand)
Wands
 y - a wand of flame (7)
 L - a wand of digging (5)
 M - a wand of acid (15)
 Q - a wand of polymorph (14)
Scrolls
 b - 3 scrolls of immolation
 d - a scroll of butterflies {unknown}
 e - a scroll of brand weapon {unknown}
 f - 17 scrolls of identify {unknown}
 l - 2 scrolls of poison {unknown}
 p - a scroll of fog {unknown}
 s - 4 scrolls of noise {unknown}
 u - 2 scrolls of blinking {unknown}
 v - 10 scrolls of teleportation {unknown}
 x - 3 scrolls of fear {unknown}
 D - a scroll of enchant armour {unknown}
 G - 2 scrolls of enchant weapon {unknown}
 H - 2 scrolls of vulnerability {unknown}
 N - a scroll of silence {unknown}
Potions
 h - 3 potions of ambrosia
 i - 4 potions of curing
 j - a potion of might
 m - a potion of attraction {unknown}
 r - a potion of degeneration {unknown}
 w - 2 potions of invisibility {unknown}
 z - 4 potions of mutation {unknown}
 A - 3 potions of lignification {unknown}
 B - 3 potions of haste
 P - a potion of flight {unknown}


   Skills:
 + Level 7.5 Fighting
 * Level 8.2 Axes
 - Level 8.5 Ranged Weapons
 + Level 7.1 Armour
 + Level 6.8 Dodging
 - Level 2.9 Stealth
 + Level 6.3 Unarmed Combat
 + Level 3.6 Invocations


You had 9 spell levels left.
You didn't know any spells.
Your spell library contained the following spells:

 Spells                   Type           Power      Damage    Failure   Level
 Slow                     Hex            0%         N/A       45%         1
 Inner Flame              Hex/Fire       0%         N/A       83%         3
 Ozocubu's Armour         Ice            0%         N/A       83%         3
 Flame Wave               Conj/Fire      0%         2d4       99%         4
 Sticky Flame             Conj/Fire      0%         2d3       99%         4
 Ozocubu's Refrigeration  Ice            0%         4d7       100%        7
 Discord                  Hex            0%         N/A       100%        8
 Lehudib's Crystal Spear  Conj/Erth      0%         10d2      100%        8
 Summon Guardian Golem    Hex/Summ       Unusable   N/A       N/A         3

Dungeon Overview and Level Annotations

Branches:
Dungeon (9/15)             Temple (1/1) D:4
   Lair: D:8-11         Orc: D:9-12

Altars:
Ashenzari
Cheibriados
Dithmenos
Elyvilon
Fedhas
Gozag
Hepliaklqana
Kikubaaqudgha
Makhleb
Nemelex Xobeh
Okawaru
Qazlal
Ru
Sif Muna
Trog
Uskayaw
Vehumet
Wu Jian
Xom
Yredelemnul
Zin
The Shining One

Shops:
D:1 :   D:2 (   D:3 *   D:4 :   D:8 =

Annotations:
D:3 1 runed translucent door, Crazy Yiuf
D:10 Erica


Innate Abilities, Weirdness & Mutations

You have a pair of horns on your head.
You reflexively headbutt those who attack you in melee.


Message History

Press: ? - help, Q - select action, (/) - cycle Shift-Dir - straight line You shoot an arrow.
You feel very sick.
Fire: a) +0 shortbow
Press: ? - help, Q - select action, (/) - cycle Shift-Dir - straight line You shoot an arrow.
You feel sick.
Fire: a) +0 shortbow
Press: ? - help, Q - select action, (/) - cycle Shift-Dir - straight line You shoot an arrow.
You feel sick.
Fire: a) +0 shortbow
Press: ? - help, Q - select action, (/) - cycle Shift-Dir - straight line You shoot an arrow.
You feel sick.
Your +2 battleaxe of flaming bursts into flame!
F - a +2 battleaxe of flaming (weapon)
You closely miss something. Your headbutt misses something.
You feel sick. Something hits you.
You closely miss something. You headbutt something.
You feel sick. Something hits you but does no damage.
You miss something.
You feel sick. Something hits you.
You slash something! You burn something. Your headbutt misses something.
You feel sick. Something hits you!
You barely miss something.
You feel sick.
You are no longer poisoned.
Something hits you! Something burns you.
* * * LOW HITPOINT WARNING * * *
You hit something but do no damage. Your headbutt misses something.
Something hits you!
* * * LOW HITPOINT WARNING * * *
You slash something! You burn something. Your headbutt misses something.
You hear some strange, mumbled words.
A lance of force appears from out of thin air!
The lance of force hits you!
* * * LOW HITPOINT WARNING * * *
You barely miss something.
You feel like a meek peon again. Something hits you.
You die...

###'### ##.# #..#
#####.#### ###
#........# ....
###........# # .....
#..........#####
......###.#........##...
......{@..#...........##
....!.#####........####
..... ###.###### ####
#...#### ###....###
####.>.# ###'# ### ####
##8###⌠###8


There were no monsters in sight!

Vanquished Creatures
  A two-headed ogre (D:8)
  A cyclops (D:7)
  A kobold demonologist (D:7)
  Maggie (D:10)
  A troll (D:7)
  A wraith (D:7)
  6 yaks (D:10)
  A steam dragon (D:8)
  Duvessa (D:6)
  A hornet zombie (D:8)
  2 orc warriors (D:8)
  An ice beast (D:7)
  A sky beast (D:7)
  A centaur (D:7)
  5 phantoms
  A kobold brigand (D:7)
  4 necrophages
  6 bullfrogs
  5 scorpions
  2 wights (D:8)
  Dowan (D:6)
  6 killer bees (D:10)
  2 howler monkeys
  A human zombie (D:8)
  3 orc priests
  4 jellies
  4 hounds
  2 iguanas
  9 orc wizards
  A killer bee zombie (D:8)
  2 mummies (D:8)
  3 howler monkey zombies (D:8)
  6 adders
  3 white imps (D:7)
  An ufetubus (D:5)
  2 worms
  12 dart slugs
  18 orcs
  A bat (D:3)
  7 endoplasms
  4 giant cockroaches
  6 goblins
  7 hobgoblins
  4 jackals (D:2)
  3 quokkas
  9 ball pythons
  3 frilled lizards
  12 kobolds
  6 rats
185 creatures vanquished.

Vanquished Creatures (others)
  A fungus (D:3)
1 creature vanquished.

Grand Total: 186 creatures vanquished

Notes
Turn   | Place    | Note
-------+----------+-------------------------------------------
     0 | D:1      | runemasterragnar the Minotaur Hunter began the quest for
                  | the Orb.
     0 | D:1      | Reached XP level 1. HP: 18/18 MP: 0/0
    60 | D:1      | Found Poquaxug's Book Boutique.
   487 | D:1      | Reached skill level 1 in Stealth
   487 | D:1      | Reached XP level 2. HP: 14/25 MP: 1/1
   818 | D:1      | Reached XP level 3. HP: 30/30 MP: 2/2
  1470 | D:2      | Reached skill level 1 in Armour
  1470 | D:2      | Reached skill level 1 in Unarmed Combat
  1473 | D:2      | Found Uphif's Antique Weapon Shop.
  1582 | D:2      | Reached skill level 5 in Ranged Weapons
  1585 | D:2      | Found a sacrificial altar of Ru.
  1726 | D:2      | Reached XP level 4. HP: 37/37 MP: 3/3
  2186 | D:3      | Found a radiant altar of Vehumet.
  2240 | D:3      | Reached XP level 5. HP: 42/45 MP: 4/4
  2808 | D:3      | Found Ycroecvenal's General Store.
  2975 | D:3      | Found a runed translucent door.
  2976 | D:3      | Noticed Crazy Yiuf
  3023 | D:4      | Noticed a phantom
  3033 | D:4      | Killed a phantom
  3121 | D:4      | Reached XP level 6. HP: 51/51 MP: 5/5
  3138 | D:4      | Found a staircase to the Ecumenical Temple.
  3617 | D:4      | Found Beifuist's Vocational Training.
  3654 | D:4      | Found a broken altar of Ashenzari.
  3671 | D:4      | Found a blossoming altar of Fedhas.
  3671 | D:4      | Found a hide-covered altar of Uskayaw.
  3856 | D:4      | Reached XP level 7. HP: 20/59 MP: 6/6
  4231 | D:5      | Entered Level 5 of the Dungeon
  5593 | D:2      | Bought a glowing battleaxe for 209 gold pieces
  5759 | D:6      | Reached skill level 1 in Axes
  5760 | D:6      | Reached XP level 8. HP: 49/67 MP: 7/7
  5933 | D:6      | Noticed Dowan
  6226 | D:7      | Reached skill level 5 in Fighting
  6251 | D:7      | Noticed a kobold demonologist
  6259 | D:7      | Killed a kobold demonologist
  6263 | D:7      | Reached skill level 5 in Dodging
  6287 | D:7      | Noticed a troll
  6800 | D:6      | Noticed Duvessa
  6810 | D:6      | Killed Duvessa
  6811 | D:6      | Reached skill level 5 in Armour
  6822 | D:6      | Killed Dowan
  6823 | D:6      | Reached XP level 9. HP: 58/75 MP: 8/8
  7167 | Temple   | Entered the Ecumenical Temple
  7344 | Temple   | Became a worshipper of Warmaster Okawaru
  7574 | D:7      | Reached skill level 5 in Axes
  7687 | D:7      | Reached skill level 1 in Invocations
  7855 | D:7      | Reached * piety under Okawaru
  7905 | D:7      | Noticed a cyclops
  7911 | D:7      | HP: 3/75 [cyclops (28)]
  7915 | D:7      | Killed a cyclops
  7916 | D:7      | Reached skill level 5 in Unarmed Combat
  8007 | D:7      | Killed a troll
  8271 | D:7      | Got the Encyclopedia of Interference and Mud
  8552 | D:8      | Found a basalt altar of Yredelemnul.
  8806 | D:8      | Reached ** piety under Okawaru
  9386 | D:8      | Reached XP level 10. HP: 52/84 MP: 10/10
  9752 | D:8      | Noticed a two-headed ogre
  9760 | D:8      | Killed a two-headed ogre
  9834 | D:8      | Found Firoe's One-of-a-Kind Rings.
  9864 | D:8      | Reached *** piety under Okawaru
 10204 | D:9      | You fall into a shaft and drop 1 floor!
 10204 | D:10     | Entered Level 10 of the Dungeon
 10237 | D:10     | Noticed Maggie
 10255 | D:10     | HP: 2/86 [Maggie/bolt of fire (12)]
 10262 | D:10     | Killed Maggie
 11037 | D:10     | Noticed Erica
 11055 | D:10     | HP: 3/86 [something/lance of force (13)]
 11056 | D:10     | Slain by Erica

Illustrated notes

Levels and vault maps discovered:
D:1:      matt_arrival_refuge, layout_loops_corners, serial_shops, shop_statue,
          minmay_cupped
D:2:      layout_rooms, serial_shops, nicolae_shop_waterfront, basic_altar,
          serial_curves, eino_curves_04, eino_curves_04
D:3:      kennysheep_slugbush, layout_basic, vehumet_altar_wand_db,
          serial_shops, shop, uniq_crazy_yiuf_cottage
D:4:      layout_gridville, chequers_temple_overflow_statue_of_worship,
          kennysheep_little_box, minmay_temple_entry_from_below_b,
          nicolae_shop_vocational
D:5:      layout_cave_pools
D:6:      layout_basic, uniq_duvessa
D:7:      nzn_winding_woodlands_three_and_one
          [nzn_winding_woodlands_5x15_concentric,
          nzn_winding_woodlands_5x15_twine, nzn_winding_woodlands_5x15_default,
          nzn_winding_woodlands_center_triple_pond], layout_loops_ring
D:8:      layout_loops_cross, lemuel_mausoleum_altar_yredelemnul,
          nicolae_shop_unique_rings, nicolae_two_hexagons
D:9:      layout_roguey, dpeg_oklobed_lair, zombieorc1_lemuel, uniq_grum
D:10:     layout_roguey, serial_corexii_hall, corexii_hall_statues_u,
          chequers_hall_statues_corner_a, corexii_hall_statues_i, uniq_erica,
          uniq_lodul, uniq_maggie
Temple:   bh_familiar_temple

Skill      XL: |  1  2  3  4  5  6  7  8  9 10 |
---------------+-------------------------------+-----
Stealth        | 1 2 |  2.9
Armour         | 1 2 3 5 6 7 |  7.1
Unarmed Combat | 1 2 3 4 5 6 |  6.3
Ranged Weapons | 5 6 7 8 |  8.5
Fighting       | 3 4 5 6 7 |  7.5
Dodging        | 3 4 5 6 |  6.8
Axes           | 1 4 6 8 |  8.2
Invocations    | 2 3 |  3.6

Action                     |  1- 3 |  4- 6 |  7- 9 | 10-12 || total
---------------------------+-------+-------+-------+-------++-------
  Melee: Mace              |    13 |    46 |    23 |       ||    82
         Whip              |    13 |     7 |    27 |       ||    47
         Headbutt          |     3 |     8 |    35 |    16 ||    62
         Punch             |       |     3 |       |       ||     3
         Battleaxe         |       |       |   152 |    77 ||   229
   Fire: Shortbow          |    87 |   106 |    55 |    14 ||   262
 Invoke: Heroism           |       |       |     1 |     2 ||     3
  Evoke: Wand              |       |       |     1 |       ||     1
    Use: Potion            |       |       |     5 |     2 ||     7
   Stab: Sleeping          |       |     2 |     7 |       ||     9
 Armour: Leather armour    |    15 |    22 |    74 |       ||   111
         Chain mail        |       |       |     9 |    28 ||    37
         Steam dragon scal |       |       |       |     7 ||     7
  Dodge: Dodged            |    33 |    57 |   172 |    54 ||   316

Table legend: (Time is in decaauts)
 A = Elapsed time spent in this place.
 B = Non-inter-level travel time spent in this place.
 C = Inter-level travel time spent in this place.
 D = Time resting spent in this place.
 E = Time spent auto-exploring this place.
 F = Levels seen in this place.
 G = Mean time per level.
                   A        B        C        D        E       F      G
               +--------+--------+--------+--------+--------+-----+--------+
         Total |  11270 |  10696 |    574 |   1971 |   7249 |  11 | 1024.5 |
       Dungeon |  11081 |  10520 |    561 |   1971 |   7090 |  10 | 1108.1 |
        Temple |    188 |    175 |     13 |      0 |    159 |   1 |  188.0 |
               +--------+--------+--------+--------+--------+-----+--------+

Top non-repeatable levels by time:
     D:8: 1792 daAuts
     D:7: 1632 daAuts
     D:5: 1376 daAuts
     D:1: 1339 daAuts
     D:4: 1294 daAuts
     D:3: 1173 daAuts
     D:6: 943 daAuts
    D:10: 861 daAuts
     D:2: 667 daAuts
  Temple: 188 daAuts
